 Dungeon Crawl Stone Soup version 0.22-a0-542-gce4f928 (webtiles) character file.

322 pk666 the Magician (level 6, -6/32 HPs)
             Began as a Deep Elf Fire Elementalist on June 25, 2018.
             Killed by divine providence
             ... invoked by an orc priest
              (16 damage)
             ... on level 4 of the Dungeon.
             The game lasted 00:07:46 (4149 turns).

pk666 the Magician (Deep Elf Fire Elementalist)     Turns: 4149, Time: 00:07:47

Health: -6/32      AC:  3    Str:  5    XL:     6   Next: 22%
Magic:  13/16      EV: 13    Int: 22    God:
Gold:   150        SH:  0    Dex: 15    Spells: 3/16 levels left

rFire    . . .     SeeInvis .   (no weapon)
rCold    . . .     Gourm    .   (no shield)
rNeg     . . .     Faith    .   a - +0 robe
rPois    .         Spirit   .   (no helmet)
rElec    .         Reflect  .   e - +0 cloak
rCorr    .         Harm     .   (no gloves)
MR       .....                  (no boots)
Stlth    ++........             (no amulet)
HPRegen  0.10/turn              (no ring)
MPRegen  0.15/turn              (no ring)

@: no status effects
A: no striking features
a: no special abilities


You were on level 4 of the Dungeon.
You were not hungry.

You visited 1 branch of the dungeon, and saw 4 of its levels.

You collected 150 gold pieces.

Inventory:

Armour
 a - a +0 robe (worn)
 e - a +0 cloak (worn)
Jewellery
 j - an uncursed ring of ice
Wands
 p - a wand of enslavement (20)
 r - a wand of polymorph (7)
Scrolls
 d - 4 scrolls of enchant armour {unknown}
 h - 2 scrolls of amnesia {unknown}
 i - a scroll of identify {unknown}
 l - a scroll of blinking {unknown}
 m - a scroll of fog {unknown}
 n - a scroll of remove curse {unknown}
 o - a scroll of enchant weapon {unknown}
Potions
 b - a potion of agility {unknown}
 f - a potion of heal wounds {unknown}
 g - a potion of lignification {unknown}
 k - 3 potions of curing {unknown}
Comestibles
 c - 7 rations
 q - 2 chunks of flesh


   Skills:
 - Level 0.1 Fighting
 - Level 2.4 Dodging
 - Level 2.4 Stealth
 + Level 5.7 Spellcasting
 * Level 4.0 Conjurations
 + Level 5.1 Fire Magic


You had 3 spell levels left.
You knew the following spells:

 Your Spells              Type           Power        Failure   Level  Hunger
a - Flame Tongue          Conj/Fire      ####.        1%          1    None
b - Sticky Flame          Conj/Fire      ####....     14%         4    ####...
c - Conjure Flame         Conj/Fire      ####....     4%          3    ##.....
z - Fireball              Conj/Fire      ####......   36%         5    #####..

Your spell library contained the following spells:

 Spells                   Type           Power        Failure   Level  Hunger
 Throw Flame              Conj/Fire      ####..       2%          2    None
 Inner Flame              Hex/Fire       ###.....     10%         3    ##.....


Dungeon Overview and Level Annotations

Branches:
Dungeon (4/15)
 Temple: D:4-7

Altars:
Ashenzari


Message History

The orc wizard is severely wounded.
An orc wizard comes into view. It is wielding a dagger.
The orc wizard begins to cast a cantrip, but forgets the words!
A worker ant comes into view.
Casting: Flame Tongue (safe; 1% risk of failure)
Confirm with . or Enter, or press ? or * to list all spells.
Aiming: Flame Tongue (safe; 1% risk of failure)
Press: ? - help, Shift-Dir - straight line, f/p - orc wizard
Aim: an orc wizard, wielding a dagger and wearing a robe (severely wounded)
The flame tongue hits the orc wizard.
You kill the orc wizard!
Your Conjurations skill increases to level 4!
The worker ant twitches its antennae in your direction.
The orc wizard mumbles some strange words.
The orc wizard flickers and vanishes!
Deactivating autopickup; reactivate with Ctrl-A.
The orc priest calls down the wrath of Beogh upon you.
Beogh smites you!
Ouch! That really hurt!
You die...

###### ....o$###
...{a.o.# #@#
#.###############
#...............##
####..............
#.##########.##
#.# #.# #.#
####'## #>.
..#...# #.#
#.#...#


You could see a worker ant, an orc priest and an orc.

Vanquished Creatures
  2 orc wizards
  A hound (D:4)
  An iguana (D:4)
  Robin (D:2)
  An adder (D:3)
  4 gnolls (D:3)
  An adder skeleton (D:3)
  2 worms (D:4)
  4 dart slugs
  3 leopard geckos
  11 orcs
  6 giant cockroaches
  17 goblins
  10 hobgoblins
  19 jackals
  3 quokkas
  3 ball pythons
  4 bats
  4 frilled lizards
  8 kobolds
  7 rats
112 creatures vanquished.

Notes
Turn   | Place    | Note
-------+----------+-------------------------------------------
     0 | D:1      | pk666 the Deep Elf Fire Elementalist began the quest for the Orb.
     0 | D:1      | Reached XP level 1. HP: 10/10 MP: 6/6
   217 | D:1      | Reached XP level 2. HP: 9/15 MP: 1/8
   537 | D:1      | Reached XP level 3. HP: 18/19 MP: 3/10
  1070 | D:2      | Noticed Robin
  1394 | D:2      | Killed Robin
  1410 | D:2      | Reached XP level 4. HP: 24/24 MP: 3/12
  1471 | D:2      | Learned a level 4 spell: Sticky Flame
  1475 | D:2      | Learned a level 3 spell: Conjure Flame
  2488 | D:3      | Reached XP level 5. HP: 25/28 MP: 2/13
  2497 | D:2      | Learned a level 5 spell: Fireball
  2830 | D:3      | Reached skill level 5 in Spellcasting
  3060 | D:3      | You fall through a shaft!
  3060 | D:4      | Found a shattered altar of Ashenzari.
  3822 | D:4      | Reached skill level 5 in Fire Magic
  3822 | D:4      | Reached XP level 6. HP: 20/32 MP: 10/16
  4149 | D:4      | Killed from afar by an orc priest

Vault maps used:
D:1:      mainiacjoe_arrival_reflecting_pool
D:2:      uniq_robin
D:3:      first_ration
D:4:      lemuel_doored_altar

Skill      XL: |  1  2  3  4  5  6 |
---------------+-------------------+-----
Fire Magic     | 4 5 |  5.1
Conjurations   | 2 3 4 |  4.0
Spellcasting   | 4 5 |  5.7
Fighting       | |  0.1
Dodging        | |  2.4
Stealth        | |  2.4

Action                   |  1- 3 |  4- 6 || total
-------------------------+-------+-------++-------
Melee: Unarmed           |     1 |     3 ||     4
 Cast: Flame Tongue      |    87 |   141 ||   228
       Conjure Flame     |       |     1 ||     1
  Eat: Chunk             |     1 |     9 ||    10
Armor: Robe              |    14 |     3 ||    17
Dodge: Dodged            |    25 |    26 ||    51

Table legend:
 A = Spawn XP
 B = Non-spawn XP
 C = Spawn XP percentage of total XP
 D = Spawn monster count
 E = Non-spawn monster count
 F = Spawn count percentage of total count
 G = Total turns spent on level
                    A         B        C        D         E        F      G
               +---------+---------+-------+---------+---------+-------+---------
         Total |       0 |     460 |   0.0 |       0 |     112 |   0.0 |  4149
               +---------+---------+-------+---------+---------+-------+---------
           D:1 |       0 |      66 |   0.0 |       0 |      39 |   0.0 |   933
           D:2 |       0 |      59 |   0.0 |       0 |      23 |   0.0 |  1381
           D:3 |       0 |     184 |   0.0 |       0 |      36 |   0.0 |  1213
           D:4 |       0 |     151 |   0.0 |       0 |      14 |   0.0 |   622
               +---------+---------+-------+---------+---------+-------+---------
